 Dungeon Crawl Stone Soup version 0.23-a0-169-gb21e69520c (webtiles) character file.

382220 Jesh the Imperceptible (level 22, -1/119 HPs)
             Began as a Spriggan Enchanter on Sept 11, 2018.
             Was the Champion of Dithmenos.
             Slain by a tengu reaver
             ... wielding a +6 battleaxe of flaming
              (9 damage)
             ... on level 3 of the Vaults on Sept 12, 2018.
             The game lasted 02:38:02 (72283 turns).

Jesh the Imperceptible (Spriggan Enchanter)        Turns: 72283, Time: 02:38:03

Health: -1/119     AC: 12    Str: 10    XL:     22   Next: 21%
Magic:  19/43      EV: 36    Int: 19    God:    Dithmenos [******]
Gold:   2739       SH:  0    Dex: 18    Spells: 17/62 levels left

rFire    . . .     SeeInvis +   Z - +4 rapier (elec)
rCold    . . .     Gourm    .   (shield restricted)
rNeg     . . .     Faith    .   Y - +2 robe {Archmagi}
rPois    .         Spirit   .   f - +2 hat
rElec    .         Reflect  .   x - +2 cloak {MR+}
rCorr    .         Harm     .   (gloves unavailable)
MR       ++++.                  (boots unavailable)
Stlth    ++++++++++             N - amulet of rage
HPRegen  0.29/turn              W - +3 ring of protection
MPRegen  0.28/turn              E - ring of stealth

@: very slightly contaminated, wreathed by umbra, studying Spellcasting, very
quick
A: very small, unfitting armour, camouflage 1, see invisible, herbivore, speed
3, low mp 1, slow metabolism 2, wild magic 1
}: 1/15 runes: decaying
a: Shadow Step, Shadow Form, Renounce Religion, Evoke Berserk Rage


You were on level 3 of the Vaults.
You worshipped Dithmenos.
Dithmenos was exalted by your worship.
You were not hungry.

You visited 10 branches of the dungeon, and saw 43 of its levels.
You also visited: Trove and Ossuary.

You collected 5145 gold pieces.
You spent 2406 gold pieces at shops.

Inventory:

Hand Weapons
 Z - a +4 rapier of electrocution (weapon)
Missiles
 L - a throwing net (quivered)
Armour
 f - a +2 hat (worn)
 x - a +2 cloak of magic resistance (worn)
 Q - a +2 robe of fire resistance
 Y - a +2 robe of the Archmagi (worn)
Jewellery
 m - an uncursed ring of flight
 A - an uncursed ring of fire
 E - a ring of stealth (right hand)
 I - an uncursed ring of resist corrosion
 N - an amulet of rage (around neck)
 U - an uncursed ring of protection from fire
 W - a +3 ring of protection (left hand)
Wands
 b - a wand of iceblast (67)
 v - a wand of digging (51)
 w - a wand of random effects (32)
 z - a wand of acid (32)
 D - a wand of clouds (5)
Scrolls
 a - 27 scrolls of identify
 c - 8 scrolls of blinking
 h - 9 scrolls of teleportation
 j - 6 scrolls of fear
 k - 22 scrolls of remove curse
 o - 2 scrolls of amnesia
 t - a scroll of brand weapon
 u - 2 scrolls of summoning
 y - 5 scrolls of vulnerability
 C - 7 scrolls of fog
 F - 2 scrolls of immolation
 J - 4 scrolls of holy word
 M - 3 scrolls of magic mapping
Potions
 e - 3 potions of resistance
 g - 7 potions of brilliance
 i - a potion of cancellation
 l - 3 potions of agility
 n - 5 potions of haste
 p - 12 potions of curing
 q - 9 potions of mutation
 r - 2 potions of might
 s - 4 potions of flight
 B - a potion of ambrosia
 G - a potion of invisibility
 H - 4 potions of magic
 O - 7 potions of heal wounds
 P - 3 potions of berserk rage
Books
 V - a manual of Spellcasting
Miscellaneous
 K - a lamp of fire
Comestibles
 d - 30 rations


   Skills:
 + Level 13.9 Fighting
 - Level 14.0 Short Blades
 + Level 21.6 Dodging
 - Level 25.0 Stealth
 + Level 20.9 Spellcasting
 - Level 19.0 Hexes
 - Level 3.0 Summonings
 + Level 4.1 Necromancy


You had 17 spell levels left.
You knew the following spells:

 Your Spells              Type           Power        Failure   Level  Hunger
a - Ensorcelled Hibernat  Hex/Ice        ######       1%          2    None
b - Corona                Hex            #######      1%          1    None
c - Confuse               Hex            ########     1%          3    None
d - Tukima's Dance        Hex            ########     1%          3    None
e - Dazzling Spray        Conj/Hex       ######       1%          3    None
f - Summon Mana Viper     Hex/Summ       #######.     1%          5    #......
g - Cause Fear            Hex            ########..   1%          4    None
h - Invisibility          Hex            ########     1%          6    ####...
i - Silence               Hex/Air        #######...   2%          5    #......
j - Discord               Hex            ########..   11%         8    #######
k - Dispel Undead         Necr           ######..     19%         5    #......

Your spell library contained the following spells:

 Spells                   Type           Power        Failure   Level  Hunger
 Animate Skeleton         Necr           N/A          1%          1    None
 Confusing Touch          Hex            ######       1%          1    None
 Pain                     Necr           ####         1%          1    None
 Summon Butterflies       Summ           ######..     1%          1    None
 Summon Small Mammal      Summ           ####         1%          1    None
 Corpse Rot               Necr           N/A          1%          2    None
 Slow                     Hex            ########     1%          2    None
 Sublimation of Blood     Necr           ######....   1%          2    None
 Inner Flame              Hex/Fire       #######.     1%          3    None
 Portal Projectile        Hex/Tloc       ######       1%          3    None
 Spectral Weapon          Hex/Chrm       #######.     1%          3    None
 Fulminant Prism          Conj/Hex       #######...   1%          4    None
 Leda's Liquefaction      Hex/Erth       #######...   1%          4    None
 Darkness                 Hex            ########..   1%          6    ####...
 Call Imp                 Summ           ######..     2%          2    None
 Metabolic Englaciation   Hex/Ice        #######...   2%          5    #......
 Yara's Violent Unravell  Hex/Tmut       #######...   2%          5    #......
 Call Canine Familiar     Summ           ######..     3%          3    None
 Apportation              Tloc           #####.       4%          1    None
 Beastly Appendage        Tmut           #####.       4%          1    None
 Flame Tongue             Conj/Fire      #####        4%          1    None
 Infusion                 Chrm           ####         4%          1    None
 Magic Dart               Conj           ####         4%          1    None
 Sting                    Conj/Pois      ####         4%          1    None
 Regeneration             Chrm/Necr      ######....   5%          3    None
 Blink                    Tloc           N/A          6%          2    None
 Passwall                 Tmut/Erth      #####...     6%          2    None
 Searing Ray              Conj           #####.       6%          2    None
 Shroud of Golubria       Chrm/Tloc      #####.....   6%          2    None
 Song of Slaying          Chrm           #####...     6%          2    None
 Sticks to Snakes         Tmut           #####...     6%          2    None
 Swiftness                Chrm/Air       #####...     6%          2    None
 Throw Frost              Conj/Ice       #####.       6%          2    None
 Recall                   Summ/Tloc      N/A          7%          3    None
 Conjure Flame            Conj/Fire      #####...     12%         3    None
 Gell's Gravitas          Tloc           #####.....   12%         3    None
 Ignite Poison            Fire/Tmut/Pois #####...     12%         3    None
 Mephitic Cloud           Conj/Pois/Air  #####...     12%         3    None
 Spider Form              Tmut/Pois      #####.....   12%         3    None
 Stone Arrow              Conj/Erth      #####.       12%         3    None
 Teleport Other           Tloc           #####...     12%         3    None
 Summon Ice Beast         Ice/Summ       #####...     19%         4    None
 Summon Lightning Spire   Summ/Air       #####...     19%         4    None
 Agony                    Necr           ######..     19%         5    #......
 Aura of Abjuration       Summ           ######....   26%         5    #......
 Summon Demon             Summ           ######....   26%         5    #......
 Force Lance              Conj/Tloc      #####...     32%         4    None
 Ice Form                 Ice/Tmut       #####...     32%         4    None
 Iskenderun's Mystic Bla  Conj           #####...     32%         4    None
 Passage of Golubria      Tloc           N/A          32%         4    None
 Petrify                  Tmut/Erth      #####...     32%         4    None
 Sticky Flame             Conj/Fire      #####...     32%         4    None
 Bolt of Draining         Conj/Necr      ######....   36%         5    #......
 Excruciating Wounds      Chrm/Necr      ######....   36%         5    #......
 Summon Forest            Summ/Tloc      #####.....   45%         5    #......
 Alistair's Intoxication  Tmut/Pois      #####...     65%         5    #......
 Blade Hands              Tmut           #####.....   65%         5    #......
 Irradiate                Conj/Tmut      #####.....   65%         5    #......
 Lee's Rapid Deconstruct  Erth           #####.....   65%         5    #......
 Lightning Bolt           Conj/Air       #####.....   65%         5    #......
 Venom Bolt               Conj/Pois      #####.....   65%         5    #......
 Shadow Creatures         Summ           N/A          78%         6    ####...
 Simulacrum               Ice/Necr       ######....   89%         6    ####...
 Bolt of Cold             Conj/Ice       #####.....   99%         6    ####...
 Conjure Ball Lightning   Conj/Air       #####.....   99%         6    ####...
 Deflect Missiles         Chrm/Air       #####.....   99%         6    ####...
 Freezing Cloud           Conj/Ice/Air   #####.....   99%         6    ####...
 Hydra Form               Tmut           #####.....   99%         6    ####...
 Iron Shot                Conj/Erth      #####.....   99%         6    ####...
 Ozocubu's Refrigeration  Ice            #####.....   99%         6    ####...
 Statue Form              Tmut/Erth      #####....    99%         6    ####...
 Haunt                    Necr/Summ      ######....   99%         7    ######.
 Dragon Form              Tmut           #####.....   100%        7    ######.
 Summon Hydra             Summ           ######....   100%        7    ######.
 Borgnjor's Revivificati  Necr           ######....   100%        8    #######
 Controlled Blink         Tloc           N/A          100%        8    #######
 Death's Door             Chrm/Necr      ######....   100%        8    #######
 Infestation              Necr           ######....   100%        8    #######
 Necromutation            Tmut/Necr      ######....   100%        8    #######
 Tornado                  Air            #####.....   100%        9    #######


Dungeon Overview and Level Annotations

Branches:
Dungeon (15/15)            Temple (1/1) D:5            Lair (6/6) D:11
  Swamp (4/4) Lair:4        Snake (4/4) Lair:2        Slime (1/5) Lair:5
    Orc (2/2) D:9             Elf (3/3) Orc:2        Vaults (3/5) D:13
  Crypt (0/3) Vaults:2     Depths (4/5) D:15

Altars:
Ashenzari
Cheibriados
Dithmenos
Elyvilon
Fedhas
Gozag
Hepliaklqana
Kikubaaqudgha
Makhleb
Nemelex Xobeh
Okawaru
Qazlal
Ru
Sif Muna
Trog
Uskayaw
Vehumet
Wu Jian
Xom
Yredelemnul
Zin
The Shining One

Shops:
D:4 *   D:8 :   D:12 *   D:14 *   Orc:1 *   Orc:2 *=:!   Snake:3 !   Vaults:2 *
Depths:4 }==

Portals:
Hell: Depths:1 Depths:2 Depths:3
Abyss: Depths:1 Depths:2 Depths:3
Pandemonium: Depths:2 Depths:3
Ziggurat: Depths:3

Annotations:
Lair:6 exclusion: 4 oklob plants
Snake:3 1 transporter
Elf:3 1 exclusion


Innate Abilities, Weirdness & Mutations

You are very small and have problems with some larger weapons.
You are too small for most types of armour.
You have supernaturally acute eyesight. (SInv)
You are a herbivore.
You cover ground extremely quickly.
You need to consume almost no food.
Your skin changes colour to match your surroundings (Stealth+).
Your magical capacity is low. (-10% MP)
Your spells are a little harder to cast, but a little more powerful.


Message History

The tengu reaver burns you! The tengu reaver misses you.
The tengu reaver claws you.
Casting: Dazzling Spray (safe; 1% risk of failure)
Confirm with . or Enter, or press ? or * to list all spells.
You feel a surge of power!
A mana viper appears with a sibilant hiss.
The yaktaur unwields an uncursed arbalest.
The yaktaur completely misses you. The moth of wrath misses you.
The yaktaur completely misses you.
Casting: Summon Mana Viper (safe; 1% risk of failure)
Confirm with . or Enter, or press ? or * to list all spells.
You feel a surge of power!
A mana viper appears with a sibilant hiss.
The moth of wrath changes into a sea snake!
The tengu reaver hits you with a battleaxe of flaming!!!
* * * LOW HITPOINT WARNING * * *
You emit a cloud of dark smoke.
The tengu reaver burns you.
* * * LOW HITPOINT WARNING * * *
The tengu reaver misses you. The tengu reaver claws you!
You die...

............# #... #
.....$......# #### #.
#########..#########
#..#......)#..'.......#
#..#.......#..#.......#
#..#.=.....'..#....(..'
#..#.!).S..'..#.......#
+..#.§QS...'..#.......#
#..#S§@c...#..#########
#.§§§...#..# #
#########..# #
.........# #
.%........#
########+###


You could see a tengu reaver, a sea snake shaped shifter, a yaktaur (berserk)
and 2 friendly mana vipers.

Vanquished Creatures
  2 ancient liches (Depths:3)
  The ghost of Aban Veq the Metallomancer, an adept GrEE of Vehumet (Vaults:3)
  Nikola (Depths:2)
  Rupert (Lair:3)
  A tentacled monstrosity (Depths:1)
  A lich (Depths:3)
  A sphinx (Vaults:1)
  4 thorn hunters
  Roxanne (Swamp:1)
  The ghost of Imuprial the Warrior, a journeyman MiFi of Okawaru (Swamp:2)
  2 frost giants
  Louise (Depths:2)
  4 deep elf sorcerers
  4 vault wardens
  A cacodemon (Depths:3)
  6 fire giants
  An emperor scorpion (shapeshifter) (Depths:1)
  8 ironheart preservers
  3 orc warlords (Orc:1)
  A curse skull (Vaults:2)
  The ghost of P0WERM0DE the Champion of Chaos, a journeyman DDFi of Makhleb (Swamp:3)
  The ghost of PikkenKukken the Fencer, a journeyman MiFi of Qazlal (Orc:1)
  A reaper (Depths:2)
  11 stone giants
  2 entropy weavers (Lair:4)
  4 very ugly things (Depths:2)
  2 vampire knights (Depths:3)
  Azrael (Orc:2)
  A deep elf demonologist (Elf:2)
  Nessos (D:13)
  4 spark wasps (Depths:1)
  5 ettins
  2 crystal guardians (Vaults:3)
  3 great orbs of eyes
  8 fire dragons
  Josephine (D:12)
  10 yaktaur captains
  4 rakshasas
  5 ice dragons
  Fannar (D:10)
  32 hydras
  4 naga warriors
  An anaconda (shapeshifter) (Depths:1)
  3 vault guards
  A monstrous demonspawn (Depths:3)
  A catoblepas (Lair:6)
  5 shambling mangroves
  3 ghost crabs
  13 centaur warriors
  8 ogre magi
  A queen ant (Lair:4)
  12 alligators
  An anaconda (Snake:2)
  2 tengu warriors
  7 death yaks (Lair:6)
  3 deep troll shamans
  5 death knights
  2 shock serpents (Snake:3)
  6 deep troll earth magi
  32 two-headed ogres
  23 dancing weapons
  A spriggan berserker (Depths:3)
  3 naga sharpshooters (Snake:2)
  3 orc high priests (Orc:2)
  6 hell knights
  2 sun demons (Depths:1)
  A soul eater (Depths:2)
  16 deep elf knights
  9 skeletal warriors
  The ghost of feta the Blocker, a novice BaFi of Ru (D:6)
  14 wizards
  2 glowing orange brains (shapeshifter) (Depths:1)
  A flayed ghost (Vaults:3)
  A gelid demonspawn (Depths:2)
  2 unseen horrors (shapeshifter)
  5 deep trolls
  A spectral hydra (Swamp:3)
  9 unseen horrors
  6 ironbrand convokers
  8 swamp dragons
  5 deep elf archers
  Pikel (D:5)
  An orange crystal statue (Depths:1)
  3 naga ritualists
  9 orc knights
  5 necromancers
  A lindwurm (Lair:6)
  18 ugly things
  3 mana vipers
  A wolf spider zombie (D:15)
  41 deep elf magi
  A shining eye (shapeshifter) (Vaults:2)
  8 orc sorcerers
  3 wolf spiders
  2 cyclopes (shapeshifter) (Depths:1)
  7 cyclopes
  A sphinx skeleton (Depths:2)
  2 salamanders (Snake:3)
  A guardian serpent (shapeshifter) (Depths:1)
  3 human skeletons
  A manticore (D:11)
  6 elephants
  7 guardian serpents
  An elephant (shapeshifter) (Depths:4)
  3 vault sentinels
  17 black mambas
  A torpor snail (Lair:6)
  9 naga magi
  16 spiny frogs
  2 gargoyles
  A spiny frog (shapeshifter) (Elf:2)
  5 komodo dragons
  6 rime drakes (D:14)
  An efreet (Depths:2)
  2 ice devils (Depths:3)
  A kobold demonologist (D:6)
  4 freezing wraiths
  2 tormentors (D:14)
  2 trolls (shapeshifter) (Depths:1)
  5 tengu conjurers
  A hellwing (Depths:3)
  A queen bee (Lair:2)
  A red devil (Depths:2)
  26 yaktaurs
  A yaktaur skeleton (Vaults:2)
  A polar bear (shapeshifter) (Depths:1)
  7 trolls
  15 hornets
  2 polar bears (Lair:6)
  14 tyrant leeches
  A hornet (shapeshifter) (Vaults:1)
  A blink frog (shapeshifter) (Vaults:3)
  28 slime creatures
  24 hippogriffs
  6 dream sheep (Lair:5)
  11 blink frogs
  10 bog bodies
  A hippogriff (shapeshifter) (Depths:1)
  An air elemental (Elf:1)
  Sigmund (D:5)
  7 spriggans
  4 shadows
  A spriggan (shapeshifter) (Depths:1)
  6 wraiths
  A spriggan skeleton (Depths:2)
  4 water elementals
  9 wyverns
  3 fire elementals (Orc:1)
  49 yaks
  A yak (shapeshifter) (Depths:2)
  A chaos spawn (Depths:2)
  A human (D:10)
  A basilisk (shapeshifter) (Depths:1)
  6 basilisks
  A steam dragon (shapeshifter) (Depths:2)
  2 hungry ghosts
  9 insubstantial wisps (Swamp:1)
  29 vampire mosquitoes
  Menkaure (Ossuary)
  8 wargs
  A hydra simulacrum (Swamp:3)
  26 nagas
  18 swamp worms
  4 hell hounds
  3 acid dragons
  7 water moccasins
  25 soldier ants (Lair:4)
  A floating eye (Depths:1)
  A floating eye (shapeshifter) (Depths:1)
  36 orc warriors
  10 porcupines
  16 swamp drakes
  An alligator simulacrum (Swamp:3)
  4 sky beasts
  3 ettin simulacra (Depths:2)
  5 ice beasts
  37 ogres
  4 black bears
  An elf zombie (Vaults:1)
  2 boggarts (Vaults:2)
  3 eyes of draining
  2 phantoms
  An ogre (shapeshifter) (Depths:1)
  8 wolves
  An elf skeleton (Vaults:2)
  19 centaurs
  10 big kobolds
  18 crocodiles
  A yaktaur zombie (Vaults:1)
  13 bullfrogs
  A wyvern zombie (D:8)
  A glowing shapeshifter simulacrum (Depths:2)
  26 killer bees (Lair:2)
  7 scorpions
  3 wights (D:7)
  3 howler monkeys
  7 crimson imps
  5 centaur zombies
  3 bullfrog zombies
  A human zombie (Ossuary)
  3 quasits
  9 hounds
  4 jellies
  18 orc priests
  A hound (shapeshifter) (Depths:1)
  2 iron imps (Depths:3)
  3 bullfrog skeletons
  8 iguanas
  18 orc wizards
  22 worker ants
  A big kobold zombie (Ossuary)
  2 ogre zombies (Ossuary)
  2 hound skeletons
  6 mummies (Ossuary)
  A worker ant zombie (D:7)
  8 gnolls
  14 adders
  3 shadow imps
  A white imp (Depths:3)
  An ufetubus (Depths:3)
  An ooze (D:1)
  2 adder zombies (Ossuary)
  4 adder skeletons
  A worm (D:2)
  5 dart slugs
  3 leopard geckos
  78 orcs
  9 giant cockroaches
  4 goblins
  4 hobgoblins
  6 jackals
  6 quokkas
  A ball python (D:6)
  5 bats
  5 frilled lizards
  2 goblin zombies (Ossuary)
  4 hobgoblin zombies (Ossuary)
  A jackal zombie (D:5)
  14 kobolds
  3 kobold zombies (Ossuary)
  8 quokka zombies (Ossuary)
  7 rats
  4 rat zombies (Ossuary)
1516 creatures vanquished.

Vanquished Creatures (collateral kills)
  A thorn hunter (Swamp:1)
  A balrug (Depths:1)
  A vault warden (Vaults:3)
  An ironheart preserver (Vaults:3)
  A deep elf demonologist (Elf:1)
  A deep elf annihilator (Depths:3)
  A deep elf death mage (Vaults:2)
  A naga warrior (Snake:1)
  4 anacondas
  A vampire mage (Vaults:2)
  A spriggan berserker (Swamp:4)
  2 naga ritualists
  A mana viper (Snake:3)
  3 deep elf magi
  3 black mambas
  A vault sentinel (Vaults:3)
  A yaktaur (Vaults:2)
  An efreet (Depths:2)
  A bog body (Swamp:4)
  2 nagas (Snake:2)
  An orc warrior (Orc:2)
  A swamp drake (Swamp:4)
  A boggart (Vaults:2)
  An orc skeleton (Vaults:1)
  An orc priest (Orc:1)
  An orc wizard (D:9)
  A gnoll (D:6)
  3 orcs
39 creatures vanquished.

Vanquished Creatures (others)
  A deep elf demonologist (Vaults:3)
  A rakshasa (Depths:1)
  An ogre mage (Depths:1)
  A dancing weapon (Orc:1)
  A necromancer (Depths:2)
  A deep elf mage (Depths:2)
  A vault sentinel (Vaults:2)
  3 yaktaurs
  An efreet (Depths:2)
  A hornet (Swamp:4)
  A water elemental (Depths:2)
  An orc warrior (Orc:1)
  A boggart (Vaults:2)
  A centaur (Vaults:1)
  2 orcs
  3 briar patches
  8 fungi
  23 plants
52 creatures vanquished.

Grand Total: 1607 creatures vanquished

Notes
Turn   | Place    | Note
-------+----------+-------------------------------------------
     0 | D:1      | Jesh the Spriggan Enchanter began the quest for the Orb.
     0 | D:1      | Reached XP level 1. HP: 9/9 MP: 5/5
   376 | D:2      | Reached XP level 2. HP: 11/13 MP: 7/7
   391 | D:2      | Learned a level 2 spell: Ensorcelled Hibernation
  1182 | D:1      | Reached XP level 3. HP: 16/16 MP: 9/9
  1187 | D:1      | Learned a level 3 spell: Confuse
  1191 | D:1      | Learned a level 3 spell: Tukima's Dance
  2752 | D:2      | Found a sacrificial altar of Ru.
  3035 | D:3      | Reached XP level 4. HP: 15/21 MP: 1/11
  3191 | D:3      | Reached skill level 5 in Hexes
  3869 | D:4      | Reached XP level 5. HP: 24/24 MP: 7/13
  3931 | D:4      | Reached skill level 5 in Stealth
  3946 | D:4      | Reached skill level 6 in Stealth
  4079 | D:4      | Found a sand-covered staircase.
  4092 | Ossuary  | Entered an ossuary
  4296 | Ossuary  | Reached skill level 7 in Stealth
  4296 | Ossuary  | Reached XP level 6. HP: 22/28 MP: 8/14
  4562 | Ossuary  | Reached skill level 8 in Stealth
  5147 | Ossuary  | Reached skill level 9 in Stealth
  5152 | Ossuary  | Learned a level 3 spell: Dazzling Spray
  5328 | Ossuary  | Noticed Menkaure
  5347 | Ossuary  | HP: 1/28 [mummy (15)]
  5405 | Ossuary  | Killed Menkaure
  5405 | Ossuary  | Reached skill level 10 in Stealth
  5405 | Ossuary  | Reached XP level 7. HP: 11/32 MP: 0/15
  5704 | Ossuary  | Gained mutation: You have sharp toenails. [potion of
                  | mutation]
  5705 | Ossuary  | Lost mutation: You have sharp toenails. [potion of
                  | mutation]
  5705 | Ossuary  | Gained mutation: Your skin changes colour to match your
                  | surroundings (Stealth+). [potion of mutation]
  5705 | Ossuary  | Gained mutation: Your spells are a little harder to cast,
                  | but a little more powerful. [potion of mutation]
  5738 | D:4      | Found Wourit's Assorted Antiques.
  5744 | D:4      | Bought a scroll labeled HAUK WE HAEP for 27 gold pieces
  5744 | D:4      | Bought a scroll labeled HAUK WE HAEP for 27 gold pieces
  6159 | D:5      | Entered Level 5 of the Dungeon
  6356 | D:5      | Found a staircase to the Ecumenical Temple.
  6362 | Temple   | Entered the Ecumenical Temple
  6413 | Temple   | Became a worshipper of Dithmenos the Shadowed
  6477 | D:5      | Noticed Pikel
  6491 | D:5      | Killed Pikel
  6491 | D:5      | Reached skill level 13 in Stealth
  6491 | D:5      | Reached XP level 8. HP: 16/36 MP: 6/16
  6779 | D:5      | Noticed Sigmund
  6783 | D:5      | Killed Sigmund
  6783 | D:5      | Reached skill level 14 in Stealth
  7161 | D:5      | Reached skill level 15 in Stealth
  7604 | D:5      | Reached * piety under Dithmenos
  7954 | D:6      | Reached XP level 9. HP: 18/39 MP: 4/17
  7962 | D:6      | Reached skill level 16 in Stealth
  8518 | D:6      | Found an opulent altar of Gozag.
  8692 | D:6      | Found a runed gate.
  8696 | D:6      | Found a runed gate.
  8696 | D:6      | Found a runed gate.
  8696 | D:6      | Noticed a kobold demonologist
  8733 | D:6      | Noticed feta's ghost (novice BaFi)
  8947 | D:7      | Reached skill level 5 in Spellcasting
  9251 | D:7      | Reached skill level 1 in Fighting
  9425 | D:7      | Found an ancient bone altar of Kikubaaqudgha.
  9689 | D:7      | Found a shimmering altar of Xom.
  9695 | D:7      | Reached ** piety under Dithmenos
  9833 | D:7      | Found a glowing golden altar of the Shining One.
  9849 | D:7      | Found a basalt altar of Yredelemnul.
  9940 | D:7      | Noticed an angel
 10035 | D:6      | Killed a kobold demonologist
 10035 | D:6      | Killed feta's ghost
 10035 | D:6      | Reached skill level 5 in Dodging
 10035 | D:6      | Reached XP level 10. HP: 46/47 MP: 6/20
 10551 | D:8      | Found Falux's Book Shop.
 10669 | D:8      | Found an ornate altar of the Wu Jian Council.
 10669 | D:8      | Found a burning altar of Makhleb.
 10670 | D:8      | Found an opulent altar of Gozag.
 10714 | D:8      | Reached skill level 17 in Stealth
 11571 | D:9      | Reached *** piety under Dithmenos
 11587 | D:9      | Found a bloodstained altar of Trog.
 11889 | D:9      | Found a staircase to the Orcish Mines.
 12803 | D:10     | Entered Level 10 of the Dungeon
 12803 | D:10     | Noticed a two-headed ogre
 12976 | D:10     | Killed a two-headed ogre
 12976 | D:10     | Reached skill level 5 in Short Blades
 13733 | D:10     | Noticed Fannar
 13735 | D:10     | Killed Fannar
 13735 | D:10     | Reached XP level 11. HP: 53/53 MP: 23/23
 14351 | D:11     | Reached **** piety under Dithmenos
 14642 | D:11     | Noticed a two-headed ogre
 14649 | D:11     | Killed a two-headed ogre
 14649 | D:11     | Reached skill level 18 in Stealth
 14718 | D:11     | Found a staircase to the Lair.
 14858 | D:11     | Reached skill level 5 in Fighting
 14858 | D:11     | Reached XP level 12. HP: 60/60 MP: 19/26
 14911 | D:11     | Noticed a death knight
 15089 | D:11     | Killed a death knight
 15095 | D:11     | Reached skill level 10 in Dodging
 15095 | D:11     | Reached skill level 10 in Hexes
 15493 | D:11     | Reached skill level 10 in Spellcasting
 15838 | D:11     | Noticed a four-headed hydra
 15845 | D:11     | Killed a four-headed hydra
 15955 | D:11     | Reached XP level 13. HP: 65/65 MP: 28/28
 15991 | D:11     | Reached skill level 19 in Stealth
 15993 | D:11     | Reached ***** piety under Dithmenos
 16139 | D:12     | Found Jempitt's Demolitions Depot.
 17145 | D:12     | Noticed Josephine
 17149 | D:12     | Killed Josephine
 17392 | D:13     | Learned a level 5 spell: Summon Mana Viper
 17813 | D:13     | Found a gate to the Vaults.
 17819 | D:13     | Reached skill level 1 in Summonings
 18164 | D:13     | Noticed Nessos
 18178 | D:13     | Killed Nessos
 19029 | D:14     | Found Hideng's General Store.
 19038 | D:14     | Bought a scroll of enchant weapon for 82 gold pieces
 19038 | D:14     | Bought a throwing net for 33 gold pieces
 19793 | D:13     | Reached XP level 14. HP: 39/72 MP: 22/30
 21342 | D:14     | Reached skill level 20 in Stealth
 21649 | D:14     | Reached skill level 10 in Short Blades
 21998 | D:14     | Reached ****** piety under Dithmenos
 22304 | Lair:1   | Entered Level 1 of the Lair of Beasts
 22426 | Lair:1   | Reached XP level 15. HP: 77/77 MP: 30/32
 22427 | Lair:1   | Reached XP level 16. HP: 82/82 MP: 30/33
 23103 | Lair:2   | Found a staircase to the Snake Pit.
 24667 | Lair:3   | Noticed Rupert
 24669 | Lair:3   | Killed Rupert
 25809 | Lair:4   | Reached skill level 21 in Stealth
 26152 | Lair:4   | Found a staircase to the Swamp.
 27073 | Lair:5   | Identified a scroll of acquirement
 27076 | Lair:5   | Got a scorched dagger
 27077 | Lair:5   | Identified the +8 dagger "Wut Sutt" {flame, rF+} (You
                  | acquired it on level 5 of the Lair of Beasts)
 27524 | Lair:5   | Found a staircase to the Slime Pits.
 27536 | Slime:1  | Entered Level 1 of the Pits of Slime
 28227 | Lair:5   | Reached XP level 17. HP: 87/87 MP: 24/35
 28428 | Lair:6   | Entered Level 6 of the Lair of Beasts
 29839 | Lair:6   | Reached skill level 15 in Dodging
 30474 | Lair:6   | HP: 4/88 [death yak (12)]
 31132 | Lair:6   | Identified the Incunabulum of Frigorific Beguiling
 31139 | Lair:6   | Learned a level 4 spell: Cause Fear
 32038 | Orc:1    | Entered Level 1 of the Orcish Mines
 32055 | Orc:1    | Found a runed gate.
 32072 | Orc:1    | Found an opulent altar of Gozag.
 32189 | Orc:1    | Found Adoan's Assorted Antiques.
 32190 | Orc:1    | Found a runed gate.
 32190 | Orc:1    | Found a runed gate.
 32190 | Orc:1    | Noticed PikkenKukken's ghost (journeyman MiFi)
 32196 | Orc:1    | Killed PikkenKukken's ghost
 32211 | Orc:1    | Bought 2 potions of heal wounds for 310 gold pieces
 33841 | Orc:2    | Entered Level 2 of the Orcish Mines
 33921 | Orc:2    | Noticed Azrael
 34163 | Orc:2    | Killed Azrael
 34377 | Orc:2    | Found a staircase to the Elven Halls.
 35410 | Orc:2    | Found Utuschy's Assorted Antiques.
 35410 | Orc:2    | Found Neaxett's Distillery.
 35566 | Orc:2    | Found Nelynk's Book Boutique.
 35566 | Orc:2    | Found Uroiz's Jewellery Shoppe.
 35586 | Orc:2    | Bought a book of Burglary for 1050 gold pieces
 35593 | Orc:2    | Learned a level 6 spell: Invisibility
 35817 | Elf:1    | Entered Level 1 of the Elven Halls
 35964 | Elf:1    | Reached skill level 22 in Stealth
 35976 | Elf:1    | Identified the Collected Works on Creation
 36692 | Elf:1    | Reached skill level 10 in Fighting
 37576 | Elf:2    | Found a runed gate.
 37577 | Elf:2    | Found a runed gate.
 37580 | Elf:2    | Found a runed gate.
 37622 | Elf:2    | Reached XP level 18. HP: 90/93 MP: 29/37
 39334 | D:15     | Entered Level 15 of the Dungeon
 39513 | D:15     | Reached skill level 15 in Hexes
 39596 | D:15     | Found a staircase to the Depths.
 39652 | D:15     | Reached skill level 15 in Spellcasting
 40746 | Depths:1 | Entered Level 1 of the Depths
 40767 | Depths:1 | Noticed a tentacled monstrosity
 40770 | Depths:1 | Killed a tentacled monstrosity
 41338 | Depths:1 | Found a gateway to Hell.
 42061 | Depths:1 | Gained mutation: Your magical capacity is low. (-10% MP) [a
                  | shining eye]
 42105 | Depths:1 | Paralysed by a floating eye for 3 turns
 42457 | Depths:1 | Reached skill level 23 in Stealth
 42561 | Depths:1 | Found a one-way gate to the infinite horrors of the Abyss.
 42937 | Depths:1 | Reached XP level 19. HP: 82/100 MP: 27/35
 42949 | Depths:1 | Learned a level 5 spell: Silence
 44669 | Depths:2 | Noticed Louise
 44674 | Depths:2 | Killed Louise
 45214 | Depths:2 | Noticed Nikola
 46538 | Depths:2 | Killed Nikola
 47268 | Depths:2 | Got an ancient bronze amulet
 47291 | Depths:2 | Identified the amulet of Diclou {Harm *Contam *Drain MP+9
                  | SInv} (You found it on level 2 of the Depths)
 47529 | Depths:2 | Found a one-way gate leading to the halls of Pandemonium.
 49595 | Depths:3 | Noticed an ancient lich
 49598 | Depths:3 | Killed an ancient lich
 50024 | Depths:3 | Got a crystal dagger
 50820 | Depths:3 | Reached skill level 24 in Stealth
 50978 | Depths:3 | Noticed an ancient lich
 51775 | Depths:3 | Found a gateway to a ziggurat.
 51795 | Depths:3 | Killed an ancient lich
 51795 | Depths:3 | Reached XP level 20. HP: 106/106 MP: 13/37
 52729 | Depths:4 | Found Tatinleng's Gadget Emporium.
 52729 | Depths:4 | Found Eryxamo's Jewellery Boutique.
 52730 | Depths:4 | Found Muwkugue's Jewellery Boutique.
 52765 | Depths:4 | Identified Sif Muna's Reference Book on Lethal Glamour
 53053 | D:15     | Upgraded the game from 0.23-a0-167-gf92cf62f8f to
                  | 0.23-a0-169-gb21e69520c
 53344 | Elf:3    | Entered Level 3 of the Elven Halls
 53955 | Snake:1  | Entered Level 1 of the Snake Pit
 54906 | Snake:1  | Identified the +8 dagger of the Shoals {freeze, MR+ Str+8}
                  | (You found it on level 3 of the Depths)
 56640 | Snake:3  | Found Rurut's Distillery.
 56643 | Snake:3  | Bought a potion of heal wounds for 70 gold pieces
 56643 | Snake:3  | Bought a potion of invisibility for 112 gold pieces
 56643 | Snake:3  | Bought a potion of heal wounds for 70 gold pieces
 56643 | Snake:3  | Bought a potion of heal wounds for 70 gold pieces
 56643 | Snake:3  | Bought a potion of brilliance for 56 gold pieces
 56643 | Snake:3  | Bought a potion of invisibility for 112 gold pieces
 56688 | Snake:3  | Identified the +1 robe "Baeregix" {rF- Dex+6} (You found it
                  | on level 3 of the Snake Pit)
 57037 | Snake:3  | Found a transporter.
 57040 | Snake:3  | Found a deep blue altar of Sif Muna.
 57165 | Snake:3  | Found a transporter.
 57671 | Snake:3  | Bought a potion of magic for 112 gold pieces
 58524 | D:4      | Bought a scroll of enchant armour for 202 gold pieces
 59252 | Snake:4  | Entered Level 4 of the Snake Pit
 59442 | Swamp:1  | Entered Level 1 of the Swamp
 59877 | Swamp:1  | Noticed Roxanne
 59883 | Swamp:1  | Killed Roxanne
 61150 | Swamp:2  | Found a runed gate.
 61155 | Swamp:2  | Found a runed gate.
 61160 | Swamp:2  | Found a runed gate.
 61165 | Swamp:2  | Noticed Imuprial's ghost (journeyman MiFi)
 61167 | Swamp:2  | Killed Imuprial's ghost
 61179 | Swamp:2  | Identified Vehumet's Grimoire of Conjuration
 62442 | Swamp:3  | Found a transporter.
 62449 | Swamp:3  | Noticed P0WERM0DE's ghost (journeyman DDFi)
 62449 | Swamp:3  | Found a transporter.
 62548 | Swamp:3  | Reached skill level 25 in Stealth
 63055 | Swamp:3  | Killed P0WERM0DE's ghost
 63789 | Swamp:4  | Entered Level 4 of the Swamp
 63812 | Swamp:4  | Reached XP level 21. HP: 112/112 MP: 37/40
 65842 | Swamp:4  | Got a decaying rune of Zot
 66300 | Vaults:1 | Entered Level 1 of the Vaults
 67855 | Vaults:1 | Found a portal to a secret trove of treasure.
 68576 | Vaults:1 | You paid a toll of +2 ice dragon scales to enter a treasure
                  | trove
 68577 | Trove    | Entered a treasure trove
 68594 | Trove    | Identified the Incunabulum of the Locust
 68619 | Trove    | Identified the Grimoire of the Slug
 68643 | Trove    | Identified Sif Muna's Incunabulum of Harmful Stolen Souls
 68654 | Trove    | Identified Sif Muna's Guide on Execration
 68670 | Trove    | Learned a level 8 spell: Discord
 68676 | Trove    | Learned a level 5 spell: Dispel Undead
 68824 | Vaults:2 | Found Kechal's General Store.
 68843 | Vaults:2 | Bought a scroll of immolation for 73 gold pieces
 68928 | Vaults:2 | Reached skill level 1 in Necromancy
 69351 | Vaults:2 | Found a staircase to the Crypt.
 71384 | Vaults:3 | Reached XP level 22. HP: 99/119 MP: 36/42
 72259 | Vaults:3 | Found a runed gate.
 72259 | Vaults:3 | Found a runed gate.
 72260 | Vaults:3 | Found a runed gate.
 72260 | Vaults:3 | Noticed Aban Veq's ghost (adept GrEE)
 72270 | Vaults:3 | Killed Aban Veq's ghost
 72283 | Vaults:3 | Slain by a tengu reaver

Vault maps used:
D:1:      nzn_arrival_crosshair
D:2:      nicolae_overflow_hidden_temple
D:3:      first_ration
D:4:      serial_shops, shop, lightli_ossuary_entry_decrepit_ruins,
          minmay_misc_feat_rugged, dk_noncrumbling_4
D:5:      minmay_temple_entry_grid, uniq_sigmund, uniq_pikel
D:6:      gammafunk_ghost_nasty_kobolds, grunt_gozag_breadcrumbs
D:7:      grunt_temple_overflow_holy_war, kiku_gazebo_pond_becter,
          lemuel_tele_altar
D:8:      gammafunk_temple_overflow_claw, serial_bayou, serial_bayou_pond_d,
          serial_bayou_pond_e, serial_bayou_crossing, serial_bayou_shore_b,
          serial_shops, shop
D:9:      orc_0_dummy, bloody_trog
D:10:     grunt_pizzeria, uniq_fannar
D:11:     minmay_lair_entry_grove, st_stairs_12
D:12:     minmay_strange_pillars, minmay_statues_item, nicolae_blasting_shop,
          uniq_josephine
D:13:     david_vaults_1, uniq_nessos
D:14:     cheibrodos_tormentor_scu, serial_bayou_pond_e, serial_shops, shop,
          special_room, portal_ice_cave_rime
D:15:     grunt_enter_depths_snipers
Temple:   eino_wide_crystal_templ
Lair:1:   grunt_forest_stairs_basic, grunt_megastairs_4, lemuel_fruit_tree
Lair:2:   minmay_snake_entry_guardpost_small
Lair:3:   infiniplex_staircase_pool_2, uniq_rupert
Lair:4:   minmay_swamp_entry_swarm, minivault_29
Lair:5:   minmay_slime_entry_pillars, lemuel_fruit_fields
Lair:6:   grunt_lair_end_beastmaster, minmay_lair_oklob_chamber,
          serial_bayou_shore_a
Swamp:1:  nicolae_swamp_trees_clearing, swamp_pool3, st_swamp_ruins_3,
          infiniplex_staircase_pool, uniq_roxanne
Swamp:2:  ebering_ghost_rock_garden, nicolae_swamp_feature_on_the_river_bank
Swamp:3:  gammafunk_ghost_mausoleum, evilmike_swamp_ruin_wall, swamp_pool3
Swamp:4:  swamp_basic_johnstein
Snake:1:  nrook_guardian_serpent_snake_passage, serial_bayou_shore_b
Snake:2:  grunt_ministairs_4, nrook_guardian_serpent_ordinary
Snake:3:  gammafunk_sealed_library, serial_shops, shop
Snake:4:  minmay_snake_end_coiled, serial_bayou_shore_b
Slime:1:  cheibrodos_slime_lost_civilization_6
Orc:1:    ebering_ghost_gozag, minmay_orc_treasury
Orc:2:    grunt_orc_tribal_feast, uniq_azrael
Elf:1:    serial_glass, glass_columns_a, glass_columns_b, feat_on_display,
          minmay_elf_demonology, abandoned_shop, hex_medium
Elf:3:    elf_hall
Vaults:1: nicolae_vaults_hallways_thing, nicolae_vaults_ninety_degrees,
          dpeg_vaults_monster_box, vaults_room_grid, v_misc_33, st_more_cells,
          v_rooms_6, vaults_dpeg_cross, vaults_standard_mumra_enter_the_diamond,
          v_misc_25, hangedman_vaults_hat, nicolae_trove_entry_crystal
Vaults:2: hangedman_vaults_maws, v_misc_12, v_misc_19,
          minmay_crypt_entry_simple_sparse, v_alt_pattern_1, v_alt_pattern_1,
          vaults_standard_mumra_x, ontoclasm_vaults_spin,
          nicolae_vaults_shelves_hall, v_misc_16, serial_shops, shop
Vaults:3: gammafunk_vaults_ghost_split, nicolae_vaults_alarming,
          hangedman_vaults_trim, dpeg_vaults_monster_row,
          vaults_room_grunt_arrival_checkpoint, v_misc_22,
          hangedman_vaults_stream, v_misc_22, nicolae_vaults_three_branches,
          serial_glass
Depths:1: vault_1, lightli_too_deep, grunt_decor_mini_mirrors, abyss_entry,
          minmay_misc_feat_room, minivault_1, kennysheep_cross_bottleneck,
          minmay_tree_intersection, st_stairs_9, grunt_decor_arrowhead,
          minmay_crystal_room
Depths:2: hangedman_elemental_death_ray, minmay_misc_feat_secret_circle,
          rand_demon_pan_entry_4, serial_corexii_hall,
          corexii_hall_statues_deadend, corexii_hall_statues_l,
          corexii_hall_statues_deadend, nicolae_abyss_entry_one_way_or_another,
          hell_entry, serial_bayou_shore_b, minmay_staircase_windowed_large,
          uniq_nikola
Depths:3: minmay_tri_stars, enter_ziggurat_d, pf_coc_iceberg,
          grunt_pan_entry_zigzag, abyss_entry, minmay_staircase_statues
Depths:4: cheibrodos_witchhunters_guild, serial_shops, shop,
          hangedman_geh_valley, serial_bayou_pond_a, abyss_entry,
          lemuel_old_faithful, infiniplex_staircase_squiggle, minmay_shop_grove
Trove:    trove_library
Ossuary:  ossuary_boxes_badplayer

Skill      XL: |  1  2  3  4  5  6  7  8  9 10 11 12 13 14 15 16 17 18 19 20 21 22 |
---------------+-------------------------------------------------------------------+-----
Spellcasting   | 3 4 6 7 9 10 11 12 13 14 15 16 18 20 | 20.9
Hexes          | 4 5 6 8 9 10 11 12 13 14 15 16 17 18 19 | 19.0
Stealth        | 7 10 13 15 16 17 18 19 20 21 22 23 24 25 | 25.0
Fighting       | 2 3 5 6 7 8 9 10 11 12 13 | 13.9
Short Blades   | 3 5 7 8 9 10 11 12 13 14 | 14.0
Dodging        | 5 7 9 10 12 13 14 16 17 18 20 21 | 21.6
Summonings     | 2 3 |  3.0
Necromancy     | 2 4 |  4.1

Action                   |  1- 3 |  4- 6 |  7- 9 | 10-12 | 13-15 | 16-18 | 19-21 | 22-24 || total
-------------------------+-------+-------+-------+-------+-------+-------+-------+-------++-------
Melee: Dagger            |   116 |   314 |   153 |       |       |   996 |   170 |       ||  1749
       Short sword       |       |       |       |   359 |   357 |   432 |       |       ||  1148
       Rapier            |       |       |       |       |       |       |  1299 |    81 ||  1380
 Cast: Ensorcelled Hiber |    27 |    11 |    39 |    40 |    28 |   159 |    48 |     2 ||   354
       Corona            |     4 |       |       |       |       |       |       |       ||     4
       Confuse           |       |    33 |    12 |    20 |   100 |    38 |    61 |     1 ||   265
       Dazzling Spray    |       |     3 |    20 |     8 |    13 |    81 |    49 |     1 ||   175
       Tukima's Dance    |       |       |     7 |     6 |       |     5 |       |       ||    18
       Invisibility      |       |       |       |       |       |    12 |    34 |     3 ||    49
       Summon Mana Viper |       |       |       |       |       |     6 |    41 |     4 ||    51
       Silence           |       |       |       |       |       |       |     1 |       ||     1
       Cause Fear        |       |       |       |       |       |       |     1 |       ||     1
       Discord           |       |       |       |       |       |       |     1 |       ||     1
Invok: Shadow Step       |       |       |       |       |     2 |     6 |    10 |     2 ||    20
Evoke: Wand              |       |       |     3 |       |     4 |     3 |     5 |       ||    15
       Lamp of fire      |       |       |       |       |     1 |       |       |       ||     1
  Use: Scroll            |     6 |     5 |    14 |     5 |    11 |     9 |    21 |       ||    71
       Potion            |       |     9 |     5 |     6 |     3 |     2 |    23 |       ||    48
 Stab: Sleeping          |    28 |    22 |    37 |    73 |    68 |   233 |   244 |     9 ||   714
       Confused          |       |    21 |    10 |    12 |    45 |    24 |    34 |     1 ||   147
       Invisible         |       |     4 |     6 |    10 |     7 |    77 |   177 |    13 ||   294
       Distracted        |       |       |       |     2 |     2 |    11 |    17 |       ||    32
  Eat: Ration            |     1 |     2 |     4 |     3 |     3 |    15 |    19 |       ||    47
Armor: Robe              |    18 |    11 |     9 |    28 |     3 |    45 |    52 |     1 ||   167
       Skin              |       |     4 |       |       |       |       |       |       ||     4
Dodge: Dodged            |    99 |   112 |   127 |   309 |   256 |  1152 |  1167 |    49 ||  3271

Table legend:
 A = Non-vault XP
 B = Vault XP
 C = Vault XP percentage of total XP
 D = Non-vault monster count
 E = Vault monster count
 F = Vault count percentage of total count
                 A         B        C        D         E       F
            +---------+---------+-------+---------+---------+-------
      Total |  349896 |  272207 |  43.8 |     996 |     567 |  36.3
            +---------+---------+-------+---------+---------+-------
        D:1 |      41 |       0 |   0.0 |      19 |       0 |   0.0
        D:2 |      55 |       0 |   0.0 |      23 |       0 |   0.0
        D:3 |      25 |       0 |   0.0 |       8 |       0 |   0.0
        D:4 |     303 |       0 |   0.0 |      22 |       0 |   0.0
        D:5 |     351 |     864 |  71.1 |      13 |       2 |  13.3
        D:6 |    1080 |    1937 |  64.2 |      25 |      11 |  30.6
        D:7 |     930 |       0 |   0.0 |      19 |       0 |   0.0
        D:8 |    1094 |       0 |   0.0 |      29 |       0 |   0.0
        D:9 |    1717 |     245 |  12.5 |      26 |       3 |  10.3
       D:10 |    2429 |    1183 |  32.8 |      27 |       2 |   6.9
       D:11 |   11302 |    1677 |  12.9 |      44 |      14 |  24.1
       D:12 |    5617 |    1666 |  22.9 |      26 |       4 |  13.3
       D:13 |    6247 |    5435 |  46.5 |      33 |       7 |  17.5
       D:14 |   13525 |   10116 |  42.8 |      34 |      30 |  46.9
       D:15 |   11304 |    2232 |  16.5 |      26 |       3 |  10.3
     Lair:1 |    2741 |      90 |   3.2 |      14 |       1 |   6.7
     Lair:2 |    3491 |    2353 |  40.3 |      14 |      30 |  68.2
     Lair:3 |    2605 |    2954 |  53.1 |       9 |       1 |  10.0
     Lair:4 |    3514 |    8972 |  71.9 |      14 |      49 |  77.8
     Lair:5 |    6204 |     825 |  11.7 |      26 |       4 |  13.3
     Lair:6 |    8851 |   11075 |  55.6 |      34 |      23 |  40.4
    Swamp:1 |    9514 |    5654 |  37.3 |      28 |       5 |  15.2
    Swamp:2 |   10406 |    1917 |  15.6 |      23 |       1 |   4.2
    Swamp:3 |   21923 |    6059 |  21.7 |      47 |      12 |  20.3
    Swamp:4 |   16525 |   20558 |  55.4 |      41 |      34 |  45.3
    Snake:1 |    5885 |     899 |  13.3 |      15 |       2 |  11.8
    Snake:2 |   13028 |    2214 |  14.5 |      32 |       4 |  11.1
    Snake:3 |   13537 |    1101 |   7.5 |      30 |       2 |   6.2
    Slime:1 |     793 |       0 |   0.0 |       3 |       0 |   0.0
      Orc:1 |    7589 |   10611 |  58.3 |      45 |      45 |  50.0
      Orc:2 |     625 |    8820 |  93.4 |       5 |      32 |  86.5
      Elf:1 |   13549 |    4842 |  26.3 |      22 |       9 |  29.0
      Elf:2 |   13146 |   21832 |  62.4 |      16 |      28 |  63.6
      Elf:3 |    2220 |       0 |   0.0 |       3 |       0 |   0.0
   Vaults:1 |   12107 |   34593 |  74.1 |      32 |      53 |  62.4
   Vaults:2 |   14427 |   10188 |  41.4 |      22 |      16 |  42.1
   Vaults:3 |   24864 |   18474 |  42.6 |      31 |      20 |  39.2
   Depths:1 |   41240 |   26202 |  38.9 |      51 |      35 |  40.7
   Depths:2 |   21847 |   14011 |  39.1 |      35 |      17 |  32.7
   Depths:3 |   14890 |   32043 |  68.3 |      21 |      31 |  59.6
   Depths:4 |    8355 |       0 |   0.0 |       9 |       0 |   0.0
    Ossuary |       0 |     565 | 100.0 |       0 |      37 | 100.0
            +---------+---------+-------+---------+---------+-------
